 Dungeon Crawl Stone Soup version 0.23-a0-767-gdc19b93d68 (webtiles) character file.

188570 Brecoman the Thaumaturge (level 18, -2/107 HPs)
             Began as a Vine Stalker Summoner on Jan 19, 2019.
             Was the Champion of Ashenzari.
             Succumbed to a naga mage's splash of poison
             ... on level 3 of the Snake Pit on Jan 20, 2019.
             The game lasted 03:47:45 (33618 turns).

Brecoman the Thaumaturge (Vine Stalker Summoner)   Turns: 33618, Time: 03:47:58

Health: -2/107     AC: 26    Str: 12    XL:     18   Next: 10%
Magic:  27/32      EV: 16    Int: 22    God:    Ashenzari [******]
Gold:   2951       SH: 12    Dex: 24    Spells: 29/44 levels left

rFire    + + .     SeeInvis +   p - +8 demon blade "Bloodbane" {slice, *Rage +Rage Stlth-}
rCold    . . .     Gourm    .   y - +2 buckler of Tenacity {rElec rF+ Slay+2}
rNeg     + + .     Faith    .   F - +6 ring mail of Xom's Fury {Dex+4} (curse)
rPois    .         Spirit   +   q - +2 helmet (curse)
rElec    +         Reflect  .   n - +2 cloak (curse)
rCorr    .         Harm     +   J - +2 pair of gloves (curse)
MR       +++..     Clarity  +   R - +0 pair of boots
Stlth    ++++......             i - amulet of harm (curse)
HPRegen  1.07/turn              A - ring "Mufits" {rElec rF+ rN+} (curse)
MPRegen  0.23/turn              U - ring "Dojoujo" {rN+ MR+ Int+5}

@: lethally poisoned (-2 -> -10), berserk cooldown, starving, slowed, studying
Armour, very slow
A: fangs 3, large bone plates 1, low mp 1, regeneration 2, robust 1, shaggy fur
1, magic shield, antimagic bite, no potion heal 3, rot immunity
}: 1/15 runes: decaying
a: Curse Item, Scrying, Transfer Knowledge, Renounce Religion, Evoke Berserk
Rage


You were on level 3 of the Snake Pit.
You worshipped Ashenzari.
Ashenzari was exalted by your worship.
You were starving.

You visited 5 branches of the dungeon, and saw 30 of its levels.
You visited the Abyss 1 time.
You also visited: Gauntlet and Volcano.

You collected 3039 gold pieces.
You spent 88 gold pieces at shops.

Inventory:

Hand Weapons
 p - the +8 demon blade "Bloodbane" (weapon) {slice, *Rage +Rage Stlth-}
   (You found it on level 12 of the Dungeon)

   It inflicts extra damage upon your enemies.
   It lets you go berserk.
   It may make you go berserk in combat.
   It makes you less stealthy.
Missiles
 C - 3 throwing nets (quivered)
Armour
 n - a cursed +2 cloak (worn)
 q - a cursed +2 helmet (worn)
 y - the +2 buckler of Tenacity (worn) {rElec rF+ Slay+2}
   (You found it on level 13 of the Dungeon)

   It affects your accuracy and damage with ranged weapons and melee attacks
   (+2).
   It protects you from fire.
   It insulates you from electricity.
 F - the cursed +6 ring mail of Xom's Fury (worn) {Dex+4}
   (You found it on level 7 of the Dungeon)

   It affects your dexterity (+4).
   It has a curse placed upon it.
 J - a cursed +2 pair of gloves (worn)
 R - a +0 pair of boots (worn)
Jewellery
 h - an uncursed ring of stealth
 i - a cursed amulet of harm (around neck)
 A - the cursed ring "Mufits" (left hand) {rElec rF+ rN+}
   (You acquired it on level 1 of the Swamp)

   [ring of positive energy]

   It protects you from fire.
   It insulates you from electricity.
   It protects you from negative energy.
   It has a curse placed upon it.
 U - the ring "Dojoujo" (right hand) {rN+ MR+ Int+5}
   (You found it on level 1 of the Snake Pit)

   [ring of positive energy]

   It affects your intelligence (+5).
   It protects you from negative energy.
   It affects your resistance to hostile enchantments.
Wands
 a - a wand of enslavement (10)
 b - a wand of paralysis (27)
 l - a wand of acid (31)
 s - a wand of flame (62)
 z - a wand of clouds (9)
 L - a wand of polymorph (12)
 M - a wand of iceblast (23)
 N - a wand of digging (6)
 S - a wand of random effects (17)
 W - a wand of disintegration (13)
Scrolls
 f - 3 scrolls of remove curse
 g - a scroll of brand weapon
 m - 8 scrolls of teleportation
 u - 4 scrolls of fear
 x - 4 scrolls of magic mapping
 G - 3 scrolls of amnesia
 P - 4 scrolls of fog
 Q - 3 scrolls of identify
 T - a scroll of summoning
 V - a scroll of blinking
 X - a scroll of enchant weapon
Potions
 d - a potion of lignification
 e - 5 potions of haste
 j - 3 potions of magic
 k - 2 potions of ambrosia
 o - 3 potions of mutation
 r - 3 potions of flight
 t - 4 potions of agility
 v - 10 potions of curing
 w - 2 potions of resistance
 B - 4 potions of berserk rage
 D - 3 potions of brilliance
 E - 3 potions of invisibility
 H - 4 potions of might
 I - 2 potions of cancellation
Books
 Y - a manual of Armour
Miscellaneous
 O - a lightning rod (4/4)
 Z - a fan of gales
Comestibles
 c - 56 rations


   Skills:
 + Level 12.3 Fighting
 * Level 13.0 Long Blades
 + Level 8.7(11.7) Armour
 - Level 3.8(6.6) Dodging
 + Level 13.3 Stealth
 - Level 4.2 Shields
 + Level 13.5 Spellcasting
 - Level 10.0(12.8) Summonings
 - Level 3.0(5.6) Translocations
 - Level 5.0(8.0) Ice Magic
 - Level 8.5(11.5) Air Magic
 - Level 3.1(5.7) Poison Magic
 - Level 9.1(12.0) Evocations


You had 29 spell levels left.
You knew the following spells:

 Your Spells              Type           Power        Failure   Level  Hunger
a - Mephitic Cloud        Conj/Pois/Air  #####...     1%          3    None
b - Call Imp              Summ           ######..     1%          2    None
c - Summon Lightning Spi  Summ/Air       ######..     1%          4    None
d - Blink                 Tloc           N/A          1%          2    None
e - Summon Ice Beast      Ice/Summ       ######..     1%          4    None

Your spell library contained the following spells:

 Spells                   Type           Power        Failure   Level  Hunger
 Summon Small Mammal      Summ           ####         1%          1    None
 Ensorcelled Hibernation  Hex/Ice        ####..       1%          2    None
 Call Canine Familiar     Summ           ######..     1%          3    None
 Summon Guardian Golem    Hex/Summ       #####...     1%          3    None
 Corona                   Hex            ###....      7%          1    None
 Magic Dart               Conj           ###.         7%          1    None
 Portal Projectile        Hex/Tloc       ####..       7%          3    None
 Slow                     Hex            ###.....     10%         2    None
 Ignite Poison            Fire/Tmut/Pois ###.....     10%         3    None
 Ice Form                 Ice/Tmut       ####....     14%         4    None
 Confuse                  Hex            ###.....     21%         3    None
 Conjure Flame            Conj/Fire      ###.....     21%         3    None
 Dazzling Spray           Conj/Hex       ###...       21%         3    None
 Inner Flame              Hex/Fire       ###.....     21%         3    None
 Tukima's Dance           Hex            ###.....     21%         3    None
 Venom Bolt               Conj/Pois      ####......   52%         5    ###....
 Cause Fear               Hex            ###.......   54%         4    None
 Leda's Liquefaction      Hex/Erth       ###.......   54%         4    None
 Bolt of Magma            Conj/Fire/Erth ###.......   88%         5    ###....
 Iskenderun's Battlesphe  Conj/Chrm      ###.....     88%         5    ###....
 Spellforged Servitor     Conj/Summ      #####.....   99%         7    ######.
 Iron Shot                Conj/Erth      ###.......   100%        6    #####..
 Statue Form              Tmut/Erth      ###......    100%        6    #####..
 Orb of Destruction       Conj           ###.......   100%        7    ######.
 Ring of Flames           Chrm/Fire      ###.......   100%        7    ######.


Dungeon Overview and Level Annotations

Branches:
Dungeon (14/15)            Temple (0/1) D:4            Lair (6/6) D:10
  Swamp (4/4) Lair:3        Snake (4/4) Lair:2        Slime (0/5) Lair:5
    Orc (2/2) D:10            Elf (0/3) Orc:2        Vaults (0/5) D:14

Altars:
Ashenzari
Cheibriados
Elyvilon
Kikubaaqudgha
Nemelex Xobeh
Okawaru
Trog
Uskayaw
Vehumet
Xom
Zin
Jiyva

Shops:
D:4 *   D:6 %   Orc:1 [   Orc:2 =(*[

Portals:
Trove: D:12 (give 22 scrolls of identify)

Annotations:
D:4 2 transporters
D:12 3 runed doors, Finguili's ghost, journeyman DrTm
Lair:2 1 runed door, runewalsh's ghost, journeyman OpWz


Innate Abilities, Weirdness & Mutations

You have razor-sharp teeth.
You heal very quickly.
When hurt, damage is shared between your health and your magic reserves.
Your bite disrupts and absorbs the magic of your enemies.
Potions cannot restore your health.
You are immune to rotting.
You are partially covered in large bone plates. (SH +4)
Your magical capacity is low. (-10% MP)
You are robust. (+10% HP)
You are covered in fur. (AC +1)


Message History

* * * LOW HITPOINT WARNING * * *
You feel sick.
You feel a strong urge to attack something.
You feel sick.
* * * LOW HITPOINT WARNING * * *
You feel sick.
You feel your anger nearly subside.
You feel sick. The naga mage spits poison at you.
The splash of poison hits you!
You are lethally poisoned!
* * * LOW HITPOINT WARNING * * *
There is a stone staircase leading up here.
You are no longer berserk.
You are exhausted.
You feel yourself slow down.
* * * LOW HITPOINT WARNING * * *
You feel sick.
You climb upwards.
You die...

....#......# #......##
)...#......# #.......#########
)...#......# #.......#.......#
)...#......# #.......'....)..#
.##+##.....# ##'#######+###'###
##......#'## #...........#...##
.+......#.######...............<#
.+......#.#....'.................
.+......#......'@...............)
##......###....'.................
##......'...####.....##...##.....
##......'...# #.....#8...8#.....
.+......##### ########...###....
.+......# ##8###⌠##...#####++
.+.....## ##...........##.##..
##....## #8...........8#.##..
#####'# #...........##.##..


There were no monsters in sight!

Vanquished Creatures
  the Lernaean hydra (Swamp:4)
  Kirke (Swamp:1)
  An orc warlord (Orc:2)
  Louise (Swamp:3)
  5 dire elephants
  A minotaur (Gauntlet)
  Azrael (Snake:3)
  20 hydras
  4 vault guards
  Fannar (Orc:1)
  Erolcha (D:9)
  8 naga warriors
  A catoblepas (D:13)
  2 shambling mangroves
  4 centaur warriors
  7 anacondas
  A two-headed ogre (D:13)
  8 alligators
  A dancing weapon (Volcano)
  4 ghost crabs
  A tengu warrior (D:14)
  9 death yaks
  5 shock serpents
  5 orc high priests (Orc:2)
  2 naga sharpshooters
  5 wizards (Volcano)
  2 unseen horrors
  2 spriggan druids
  4 naga ritualists
  8 swamp dragons
  A deep elf archer (D:14)
  A necromancer (Gauntlet)
  An oklob plant (Lair:6)
  5 orc knights
  7 salamanders
  3 ugly things
  7 mana vipers
  5 orc sorcerers
  5 cyclopes
  3 manticores
  2 guardian serpents
  5 toenail golems (Volcano)
  Maurice (D:9)
  4 elephants (Lair:6)
  24 black mambas
  Joseph (D:9)
  Psyche (D:12)
  6 naga magi
  3 gargoyles
  A kobold demonologist (D:11)
  6 spiny frogs
  7 rime drakes
  3 freezing wraiths (D:12)
  9 komodo dragons
  A yaktaur (D:14)
  A queen bee (Lair:3)
  3 tengu conjurers
  5 trolls
  A polar bear (Lair:2)
  10 tyrant leeches
  9 hornets
  2 meliai (Lair:5)
  3 small abominations (Gauntlet)
  16 blink frogs
  Grinder (D:4)
  A meliai zombie (D:10)
  A large abomination (Gauntlet)
  16 hippogriffs
  8 bog bodies
  4 slime creatures (Swamp:4)
  4 dream sheep
  Sigmund (D:6)
  7 spriggans
  A vampire (D:12)
  2 shadows
  2 wraiths (D:12)
  15 yaks
  A ynoxinul (Gauntlet)
  2 fire elementals (Snake:3)
  A hog (Swamp:1)
  7 basilisks
  10 wyverns
  A human (shapeshifter) (D:13)
  4 hungry ghosts
  Menkaure (D:6)
  6 insubstantial wisps (Swamp:3)
  20 vampire mosquitoes
  15 swamp worms
  2 acid dragons
  23 nagas
  A soldier ant (D:12)
  12 water moccasins
  2 hell hounds (Snake:3)
  A floating eye (shapeshifter) (D:12)
  5 porcupines
  An eye of draining (D:12)
  13 swamp drakes
  7 ice beasts
  2 sky beasts
  26 orc warriors
  A black bear (D:11)
  6 ogres
  6 phantoms
  6 wolves
  7 centaurs
  10 crocodiles
  3 big kobolds
  17 bullfrogs
  Blork the orc (D:6)
  A water moccasin zombie (D:5)
  A wyvern skeleton (D:12)
  A scorpion (D:13)
  24 killer bees
  5 howler monkeys
  9 wights
  An electric eel (D:6)
  4 crimson imps
  3 bullfrog zombies
  Crazy Yiuf (D:7)
  7 hounds
  15 orc priests
  4 jellies
  21 orc wizards
  3 bullfrog skeletons
  2 iron imps (Gauntlet)
  3 iguanas
  10 worker ants
  Natasha (twice) (D:2)
  A hell rat (Lair:5)
  Robin (D:4)
  14 adders
  4 shadow imps (D:11)
  An ooze (D:6)
  2 adder skeletons
  A worm (D:2)
  A dart slug (D:1)
  6 leopard geckos
  54 orcs
  A giant cockroach (D:2)
  8 hobgoblins
  3 jackals
  14 kobolds
  6 quokkas
  2 ball pythons (Lair:2)
  5 bats
  5 frilled lizards
  13 goblins
  6 rats
  A fungus (Swamp:3)
  3 plants
830 creatures vanquished.

Vanquished Creatures (collateral kills)
  Rupert (Lair:5)
  4 hydras
  A catoblepas (Lair:4)
  A death knight (D:12)
  A two-headed ogre (D:12)
  Urug (Lair:2)
  3 death yaks
  2 large abominations (Gauntlet)
  A skeletal warrior (D:11)
  An ugly thing (D:11)
  A manticore (D:12)
  4 oklob plants
  2 elephants (Lair:5)
  4 black mambas
  5 spiny frogs
  3 rime drakes
  An efreet (D:13)
  2 komodo dragons
  A troll (D:11)
  A queen bee (Lair:5)
  A meliai (Lair:5)
  A polar bear (Lair:6)
  5 slime creatures (D:12)
  14 blink frogs
  5 hippogriffs
  5 dream sheep (Lair:6)
  16 yaks
  2 wyverns (Lair:4)
  5 basilisks
  3 small abominations (Gauntlet)
  A hungry ghost (D:9)
  8 vampire mosquitoes
  8 swamp worms (Lair:1)
  5 water moccasins
  3 porcupines
  An ice beast (D:11)
  A black bear (D:11)
  2 orc warriors
  2 ogres
  9 wolves
  7 crocodiles
  3 big kobolds (D:11)
  A bullfrog (D:6)
  44 killer bees
  2 wights (D:7)
  2 crimson imps
  A bullfrog zombie (D:11)
  2 jellies
  3 hounds
  An orc priest (D:10)
  2 bullfrog skeletons
  An iron imp (Gauntlet)
  An iguana (D:10)
  4 orc wizards
  2 worker ants
  A hound skeleton (D:5)
  A howler monkey skeleton (D:8)
  4 adders
  A worm (D:2)
  5 orcs
  A giant cockroach (D:3)
  2 goblins (D:4)
  2 jackals (D:3)
  A quokka (D:3)
  A frilled lizard (D:1)
  6 kobolds
  3 rats
  A fungus (D:10)
242 creatures vanquished.

Vanquished Creatures (others)
  A spiny frog (Swamp:4)
  A slime creature (Swamp:4)
  A hog (Swamp:1)
  A swamp worm (Swamp:4)
  14 fungi
  35 plants
53 creatures vanquished.

Grand Total: 1125 creatures vanquished

Notes
Turn   | Place    | Note
-------+----------+-------------------------------------------
     0 | D:1      | Brecoman the Vine Stalker Summoner began the quest for the
                  | Orb.
     0 | D:1      | Reached XP level 1. HP: 9/9 MP: 4/4
   298 | D:1      | Reached XP level 2. HP: 10/14 MP: 4/6
   475 | D:2      | Learned a level 2 spell: Call Imp
   497 | D:2      | Found a shimmering altar of Xom.
   635 | D:2      | Reached XP level 3. HP: 16/17 MP: 7/7
  1013 | D:2      | Reached skill level 1 in Fighting
  1054 | D:2      | Noticed Natasha
  1055 | D:2      | Found a shattered altar of Ashenzari.
  1072 | D:2      | Found a bloodstained altar of Trog.
  1087 | D:2      | Killed Natasha
  1087 | D:2      | Reached skill level 1 in Short Blades
  1087 | D:2      | Gained mutation: Your natural rate of healing is unusually
                  | fast. [Vine Stalker growth]
  1087 | D:2      | Reached XP level 4. HP: 16/22 MP: 5/9
  1116 | D:2      | Became a worshipper of Ashenzari the Shackled
  1343 | D:2      | Noticed a bullfrog
  1357 | D:2      | Killed a bullfrog
  1357 | D:2      | Reached XP level 5. HP: 10/26 MP: 4/10
  1645 | D:2      | Noticed Natasha
  1654 | D:2      | Killed Natasha
  1919 | D:3      | Found a glowing silver altar of Zin.
  2037 | D:3      | Noticed a centaur
  2060 | D:3      | Killed a centaur
  2060 | D:3      | Reached XP level 6. HP: 9/30 MP: 8/12
  2461 | D:4      | Found Othatz's General Store.
  2461 | D:4      | Found a transporter.
  2492 | D:4      | Bought a scroll of remove curse for 33 gold pieces
  2492 | D:4      | Bought a scroll of identify for 22 gold pieces
  2492 | D:4      | Bought a scroll of remove curse for 33 gold pieces
  2497 | D:4      | Learned a level 4 spell: Summon Lightning Spire
  2530 | D:4      | Found a snail-covered altar of Cheibriados.
  2587 | D:4      | Noticed Robin
  2598 | D:4      | Killed Robin
  2661 | D:4      | Found a staircase to the Ecumenical Temple.
  2677 | D:4      | Reached skill level 5 in Summonings
  2828 | D:4      | Reached XP level 7. HP: 35/35 MP: 13/13
  2829 | D:4      | Reached skill level 1 in Air Magic
  2962 | D:4      | Found a transporter.
  3095 | D:4      | Noticed Grinder
  3139 | D:4      | Paralysed by Grinder for 2 turns
  3213 | D:4      | Killed Grinder
  3213 | D:4      | Reached skill level 5 in Stealth
  3331 | D:4      | Found an ancient bone altar of Kikubaaqudgha.
  3344 | D:4      | Found a hide-covered altar of Uskayaw.
  3434 | D:4      | Found a sparkling altar of Nemelex Xobeh.
  3584 | D:4      | Noticed a fire bat
  3584 | D:4      | Noticed a fire bat
  3595 | D:5      | Entered Level 5 of the Dungeon
  3699 | D:5      | Reached skill level 1 in Shields
  3989 | D:5      | Gained mutation: You have razor-sharp teeth. [Vine Stalker
                  | growth]
  3989 | D:5      | Reached XP level 8. HP: 36/39 MP: 15/15
  4000 | D:5      | Reached * piety under Ashenzari
  4761 | D:6      | Noticed Sigmund
  4789 | D:6      | Killed Sigmund
  4907 | D:6      | Found a white marble altar of Elyvilon.
  4969 | D:6      | Noticed Blork the orc
  4982 | D:6      | Killed Blork the orc
  5168 | D:6      | Found Ojahon Wufe's Food Boutique.
  5169 | D:6      | Reached XP level 9. HP: 45/45 MP: 17/17
  5214 | D:6      | Reached skill level 5 in Spellcasting
  5220 | D:6      | Noticed Menkaure
  5232 | D:6      | Killed Menkaure
  5638 | D:7      | Identified the +6 ring mail of Xom's Fury {Dex+4}
  6278 | D:7      | Found a runed door.
  6282 | D:7      | Noticed Crazy Yiuf
  6289 | D:7      | Killed Crazy Yiuf
  6577 | D:8      | Reached ** piety under Ashenzari
  6757 | D:8      | Learned a level 2 spell: Blink
  7013 | D:8      | Reached skill level 1 in Translocations
  7040 | D:8      | Reached XP level 10. HP: 51/51 MP: 18/20
  7354 | D:9      | Noticed Erolcha
  7392 | D:9      | Cast into level 1 of the Abyss (Erolcha)
  7426 | D:9      | Escaped the Abyss
  7460 | D:9      | Killed Erolcha
  7460 | D:9      | Reached skill level 5 in Air Magic
  7589 | D:9      | Noticed Maurice
  7631 | D:9      | Killed Maurice
  7641 | D:9      | Noticed Joseph
  7706 | D:9      | Killed Joseph
  8483 | D:10     | Entered Level 10 of the Dungeon
  8494 | D:10     | Identified the cursed +1 robe "Fimpis" {Int+3}
  8538 | D:10     | Found a staircase to the Orcish Mines.
  8630 | D:10     | Reached *** piety under Ashenzari
  8705 | D:10     | Found a staircase to the Lair.
  8726 | D:10     | Reached XP level 11. HP: 33/54 MP: 13/21
  9317 | D:10     | Reached skill level 10 in Summonings
  9326 | D:10     | Learned a level 4 spell: Summon Ice Beast
  9486 | D:11     | Reached skill level 5 in Fighting
  9486 | D:11     | Reached skill level 1 in Ice Magic
  9530 | D:11     | Noticed an unseen horror
  9541 | D:11     | Killed an unseen horror
  9571 | D:11     | Noticed a purple ugly thing
  9702 | D:11     | Killed a purple ugly thing
  9904 | D:11     | Noticed a purple ugly thing
  9929 | D:11     | Killed a purple ugly thing
  9943 | D:11     | Noticed a sixfirhy
 10023 | D:11     | Noticed a manticore
 10041 | D:11     | Noticed a skeletal warrior
 10070 | D:11     | Killed a manticore
 10282 | D:11     | Killed a skeletal warrior
 10403 | D:11     | Reached skill level 5 in Ice Magic
 10764 | D:11     | Reached skill level 5 in Short Blades
 10800 | D:11     | Noticed a three-headed hydra
 10807 | D:11     | Killed a three-headed hydra
 10972 | Lair:1   | Entered Level 1 of the Lair of Beasts
 10987 | Lair:1   | Gained mutation: You heal very quickly. [Vine Stalker
                  | growth]
 10987 | Lair:1   | Reached XP level 12. HP: 35/61 MP: 10/24
 11701 | Lair:1   | Reached **** piety under Ashenzari
 12517 | Lair:2   | Found a staircase to the Snake Pit.
 12753 | Lair:2   | Found a runed door.
 12754 | Lair:2   | Noticed runewalsh's ghost (journeyman OpWz)
 13195 | Lair:2   | Reached ***** piety under Ashenzari
 13435 | Lair:2   | Noticed Urug
 13452 | Lair:2   | Killed Urug
 13874 | Lair:3   | Noticed a four-headed hydra
 13899 | Lair:3   | Killed a four-headed hydra
 14017 | Lair:3   | Reached XP level 13. HP: 52/68 MP: 25/27
 14108 | Lair:3   | Found a staircase to the Swamp.
 14896 | Lair:4   | Reached skill level 10 in Stealth
 16112 | Lair:5   | Reached skill level 10 in Spellcasting
 16324 | Lair:5   | Found a staircase to the Slime Pits.
 16324 | Lair:5   | Reached ****** piety under Ashenzari
 16325 | Lair:5   | Found a viscous altar of Jiyva.
 16574 | Lair:5   | HP: 1/70 [meliai/divine providence (10)]
 16734 | Lair:5   | Noticed Rupert
 16773 | Lair:5   | Killed Rupert
 17137 | Lair:5   | Reached XP level 14. HP: 75/75 MP: 29/29
 17671 | Lair:6   | Entered Level 6 of the Lair of Beasts
 17703 | Lair:6   | Gained mutation: Your magical capacity is low. (-10% MP)
                  | [potion of mutation]
 17703 | Lair:6   | Gained mutation: You are robust. (+10% HP) [potion of
                  | mutation]
 17703 | Lair:6   | Gained mutation: You are partially covered in large bone
                  | plates. (SH +4) [potion of mutation]
 17703 | Lair:6   | Gained mutation: You are covered in fur. (AC +1) [potion of
                  | mutation]
 18038 | Lair:6   | Identified the +5 hand crossbow of Luxury {freeze, Dex+3}
 18198 | Lair:6   | Found an iron altar of Okawaru.
 18315 | Lair:6   | Identified the cursed +1 robe of Menydy {rN+++ Str-4 Slay-3
                  | Stlth+}
 18527 | Lair:6   | Learned a level 3 spell: Mephitic Cloud
 18548 | Lair:6   | Noticed a dire elephant
 18548 | Lair:6   | Noticed a dire elephant
 18751 | Lair:6   | Noticed a dire elephant
 18783 | Lair:6   | Noticed a dire elephant
 18816 | Lair:6   | Noticed a dire elephant
 18865 | Lair:5   | Killed a dire elephant
 19100 | Lair:6   | Killed a dire elephant
 19128 | Lair:6   | Killed a dire elephant
 19188 | Lair:6   | Killed a dire elephant
 19188 | Lair:6   | Reached skill level 10 in Fighting
 19547 | Lair:6   | Killed a dire elephant
 20050 | Lair:6   | Reached skill level 1 in Poison Magic
 20319 | Orc:1    | Entered Level 1 of the Orcish Mines
 20510 | D:12     | Found a runed gate.
 20511 | D:12     | Found a runed gate.
 20512 | D:12     | Found a runed gate.
 20514 | D:12     | Noticed Finguili's ghost (journeyman DrTm)
 20633 | D:12     | Found a gate leading to a gauntlet.
 20651 | Gauntlet | Entered a Gauntlet
 20651 | Gauntlet | Found a transporter.
 20651 | Gauntlet | Found a transporter.
 20656 | Gauntlet | Found a transporter.
 20672 | Gauntlet | Found a transporter.
 20691 | Gauntlet | Found a transporter.
 20721 | Gauntlet | Found a transporter.
 20761 | Gauntlet | Identified the +0 cloak of Purpose {*Drain rElec rPois
                  | rCorr}
 20762 | Gauntlet | Found a large runed translucent door.
 20762 | Gauntlet | Found a large runed translucent door.
 20763 | Gauntlet | Found a large runed translucent door.
 20763 | Gauntlet | Found a large runed translucent door.
 20838 | Gauntlet | Found a large runed translucent door.
 20838 | Gauntlet | Found a large runed translucent door.
 20838 | Gauntlet | Found a large runed translucent door.
 20838 | Gauntlet | Found a large runed translucent door.
 20838 | Gauntlet | Found a runed translucent gate.
 20838 | Gauntlet | Found a runed translucent door.
 20843 | Gauntlet | Found a transporter.
 20853 | Gauntlet | Found a transporter.
 20854 | Gauntlet | Found a runed translucent door.
 20855 | Gauntlet | Found a large runed translucent door.
 20855 | Gauntlet | Found a large runed translucent door.
 20855 | Gauntlet | Found a large runed translucent door.
 20855 | Gauntlet | Found a large runed translucent door.
 20856 | Gauntlet | Found a large runed translucent door.
 20856 | Gauntlet | Found a large runed translucent door.
 20857 | Gauntlet | Found a large runed translucent door.
 20857 | Gauntlet | Found a large runed translucent door.
 20861 | Gauntlet | Found a runed translucent gate.
 20861 | Gauntlet | Found a runed translucent gate.
 20862 | Gauntlet | Found a transporter.
 20863 | Gauntlet | Identified the ring of Suspected Treachery {*Tele SInv}
 20928 | Gauntlet | Found a transporter.
 21055 | Gauntlet | Identified the Papyrus of Torrid Transformation
 21056 | Gauntlet | Identified the +3 leather armour of the Saviour {rCorr
                  | Str+3}
 21228 | D:12     | Paralysed by a floating eye for 2 turns
 21233 | D:12     | Reached XP level 15. HP: 65/89 MP: 28/28
 21412 | D:12     | Found the +8 demon blade "Bloodbane" {slice, *Rage +Rage
                  | Stlth-}
 21559 | D:12     | Reached skill level 1 in Evocations
 21699 | D:12     | Noticed Psyche
 21706 | D:12     | Killed Psyche
 21843 | D:12     | Found a portal to a secret trove of treasure.
 22008 | D:12     | Found an iron altar of Okawaru.
 22533 | D:13     | Identified the +2 buckler of Tenacity {rElec rF+ Slay+2}
 22644 | D:13     | Reached skill level 1 in Long Blades
 22780 | D:13     | Identified the +7 chain mail "Nema" {+Blink Int+4 Dex-4}
 22903 | D:13     | Reached skill level 1 in Armour
 23126 | D:14     | Reached skill level 5 in Long Blades
 24137 | D:14     | Found a gate to the Vaults.
 24164 | D:14     | Reduced skill Short Blades to level 5
 24666 | Orc:2    | Entered Level 2 of the Orcish Mines
 24700 | Orc:2    | Found a dark tunnel.
 24705 | Volcano  | Entered a volcano
 25115 | Orc:1    | Found a radiant altar of Vehumet.
 25236 | Orc:1    | Found Hahiy's Armour Emporium.
 25306 | Orc:1    | Noticed Fannar
 25324 | Orc:1    | Killed Fannar
 25380 | Orc:2    | Reached skill level 5 in Evocations
 25405 | Orc:2    | Noticed an orc warlord
 25410 | Orc:2    | Found Ciudirec's Antique Armour Shop.
 25410 | Orc:2    | Found Fenied's Antique Weapon Shop.
 25638 | Orc:2    | Found a staircase to the Elven Halls.
 25706 | Orc:2    | Reached XP level 16. HP: 71/95 MP: 21/29
 26089 | Orc:2    | Found Fumosh's General Store.
 26089 | Orc:2    | Found Dintuj's Jewellery Boutique.
 26368 | Swamp:1  | Entered Level 1 of the Swamp
 26424 | Swamp:1  | Identified a scroll of acquirement
 26424 | Swamp:1  | Identified the cursed ring "Mufits" {rElec rF+ rN+} (You
                  | acquired it on level 1 of the Swamp)
 26454 | Swamp:1  | Reached skill level 10 in Long Blades
 26687 | Swamp:1  | Noticed Kirke
 26725 | Swamp:1  | Killed Kirke
 26970 | Swamp:1  | Reached skill level 5 in Armour
 28442 | Swamp:3  | Reduced skill Short Blades to level 1
 28890 | Swamp:4  | Entered Level 4 of the Swamp
 29097 | Swamp:4  | Noticed the 27-headed Lernaean hydra
 29279 | Swamp:4  | Noticed Louise
 29445 | Swamp:3  | Reached XP level 17. HP: 18/102 MP: 21/31
 29532 | Swamp:3  | Killed Louise
 29591 | Swamp:4  | Killed the 27-headed Lernaean hydra
 30751 | Swamp:4  | Got a decaying rune of Zot
 30955 | Snake:1  | Entered Level 1 of the Snake Pit
 30955 | Snake:1  | Identified the ring "Dojoujo" {rN+ MR+ Int+5}
 32479 | Snake:2  | Identified the +8 ring mail "Muxicag" {+Fly rElec rC+
                  | Int-2}
 32861 | Snake:3  | Noticed Azrael
 32872 | Snake:3  | Killed Azrael
 33014 | Snake:3  | Reached XP level 18. HP: 100/107 MP: 32/32
 33561 | Snake:4  | Entered Level 4 of the Snake Pit
 33612 | Snake:4  | HP: 8/160 [poisoned by a naga ritualist (splash of poison)]
 33617 | Snake:4  | HP: 2/107 [poisoned by a naga mage (splash of poison)]
 33618 | Snake:3  | Succumbed to a naga mage's splash of poison

Vault maps used:
D:1:      wander_arrival_fairy_ring, st_stairs_12
D:2:      xom_teletrap_fun, minitemple, serial_bayou_lagoon_b, uniq_natasha
D:3:      lemuel_round_altar
D:4:      gammafunk_cloud_chamber, nemelex_xobeh_ov_fountains_minmay,
          amethyst_overflow_temple_binary, minmay_temple_entry_gardened_gates,
          serial_shops, shop, lemuel_altar_in_water, uniq_grinder, uniq_robin
D:5:      first_ration, minmay_stone_trees_small, kennysheep_generic_room_7
D:6:      kennysheep_mini_moat, serial_shops, shop, kennysheep_generic_room_4,
          uniq_sigmund, uniq_blork_the_orc, uniq_menkaure
D:7:      uniq_crazy_yiuf_cottage
D:9:      uniq_maurice, uniq_erolcha, uniq_joseph
D:10:     minmay_lair_entry_grove, orc_0_dummy
D:11:     hangedman_ranch, minmay_mirror_moons_of_madness
D:12:     minmay_the_grid_triangle_9x9_rhombus_thin_mashed,
          nicolae_trove_entry_diagonal, gauntlet_entry_generic,
          gammafunk_ghost_fury_of_okawaru, uniq_psyche
D:14:     grunt_vaults_entry_fortified, kennysheep_minor_cross
Lair:1:   worms_lemuel
Lair:2:   minmay_snake_entry_six_corridors, ebering_ghost_inner_flame,
          minmay_lair_oklob_chamber, uniq_urug
Lair:3:   minmay_swamp_entry_swarm, special_room
Lair:4:   special_room, dpeg_oklob_1
Lair:5:   regret_index_bee_streams, slime_altar_1, uniq_rupert
Lair:6:   due_jungle_book, chequers_serial_rivers_large_a,
          chequers_serial_rivers_micro_b, chequers_serial_rivers_marsh,
          lemuel_oklob_altar
Swamp:1:  evilmike_swamp_ruin_house_5, uniq_kirke
Swamp:2:  evilmike_swamp_ruin_rubble_2
Swamp:3:  nicolae_swamp_fairy_circle, infiniplex_staircase_pool
Swamp:4:  swamp_old_school, swamp_pool3, uniq_louise
Snake:1:  nicolae_coiled_stairwell_down
Snake:3:  serial_corexii_hall, corexii_hall_statues_s,
          chequers_hall_statues_wall_a, chequers_hall_statues_wall_a,
          serial_bayou_shore_b, uniq_azrael
Snake:4:  snake_pit
Orc:1:    basic_altar, serial_shops, shop, uniq_fannar
Orc:2:    st_orc_congregation, enter_volcano_4
Volcano:  volcano_bunker
Gauntlet: gammafunk_gauntlet_branching

Skill      XL: |  1  2  3  4  5  6  7  8  9 10 11 12 13 14 15 16 17 18 |
---------------+-------------------------------------------------------+-----
Stealth        | 3 4 5 8 11 12 13 | 13.3
Fighting       | 1 2 3 4 6 7 9 10 11 12 | 12.3
Short Blades   | 1 2 3 4 5 6 8 9 4 0 |  0.0
Spellcasting   | 3 4 6 7 9 10 11 12 13 | 13.5
Summonings     | 5 6 7 9 10 | 10.0
Air Magic      | 1 3 4 7 8 |  8.5
Shields        | 2 4 |  4.2
Translocations | 1 2 3 |  3.0
Ice Magic      | 5 |  5.0
Dodging        | 3 |  3.8
Poison Magic   | 2 3 |  3.1
Evocations     | 5 7 9 |  9.1
Long Blades    | 9 11 12 13 | 13.0
Armour         | 3 6 8 |  8.7

Action                   |  1- 3 |  4- 6 |  7- 9 | 10-12 | 13-15 | 16-18 || total
-------------------------+-------+-------+-------+-------+-------+-------++-------
Melee: Unarmed           |    10 |       |       |       |       |       ||    10
       Bite              |    19 |    42 |   142 |   327 |   728 |   375 ||  1633
       Dagger            |    65 |   139 |   437 |   882 |  1326 |       ||  2849
       Demon blade       |       |       |       |       |   307 |   920 ||  1227
 Cast: Summon Small Mamm |     5 |     2 |       |       |       |       ||     7
       Call Imp          |     1 |    18 |    61 |    37 |     6 |       ||   123
       Summon Lightning  |       |       |       |    43 |    24 |     1 ||    68
       Summon Ice Beast  |       |       |       |    44 |   175 |     6 ||   225
       Mephitic Cloud    |       |       |       |       |    13 |     4 ||    17
       Blink             |       |       |       |       |    12 |       ||    12
Invok: Curse Item        |       |     4 |     1 |     4 |     1 |       ||    10
       Scrying           |       |       |       |     1 |       |     1 ||     2
       Transfer Knowledg |       |       |       |       |     2 |     1 ||     3
 Abil: Evoke Berserk Rag |       |       |       |       |     1 |     5 ||     6
Evoke: Wand              |       |       |       |     1 |     6 |     5 ||    12
       Lightning rod     |       |       |       |       |     5 |    11 ||    16
       Fan of gales      |       |       |       |       |       |     1 ||     1
  Use: Scroll            |       |     2 |     5 |    14 |    18 |     7 ||    46
       Potion            |       |       |       |       |     3 |     8 ||    11
 Stab: Sleeping          |     2 |     5 |    11 |     7 |    33 |    22 ||    80
       Distracted        |       |       |     4 |    15 |    26 |     5 ||    50
       Confused          |       |       |       |       |    20 |     5 ||    25
  Eat: Chunk             |     1 |     6 |    13 |    32 |    40 |    16 ||   108
       Ration            |       |       |     1 |     1 |     4 |     4 ||    10
Armor: Leather armour    |    14 |    22 |    26 |       |       |       ||    62
       Ring mail         |     1 |       |    59 |   283 |   398 |   513 ||  1254
Dodge: Dodged            |    56 |    76 |   160 |   378 |   619 |   716 ||  2005
Block: Buckler           |       |       |    72 |   276 |   754 |   688 ||  1790
       Rpst.: Demon blade |       |       |       |       |    28 |    85 ||   113

Table legend:
 A = Non-vault XP
 B = Vault XP
 C = Vault XP percentage of total XP
 D = Non-vault monster count
 E = Vault monster count
 F = Vault count percentage of total count
                 A         B        C        D         E       F
            +---------+---------+-------+---------+---------+-------
      Total |  157013 |   94412 |  37.6 |     711 |     358 |  33.5
            +---------+---------+-------+---------+---------+-------
        D:1 |      15 |       1 |   6.2 |       8 |       1 |  11.1
        D:2 |     206 |      35 |  14.5 |      28 |       1 |   3.4
        D:3 |     153 |       0 |   0.0 |      22 |       0 |   0.0
        D:4 |     312 |     262 |  45.6 |      14 |      14 |  50.0
        D:5 |     518 |      39 |   7.0 |      11 |       1 |   8.3
        D:6 |     839 |     490 |  36.9 |      19 |       4 |  17.4
        D:7 |     889 |      32 |   3.5 |      11 |       1 |   8.3
        D:8 |     872 |       0 |   0.0 |      21 |       0 |   0.0
        D:9 |    1376 |    1891 |  57.9 |      29 |       3 |   9.4
       D:10 |    2185 |    1232 |  36.1 |      29 |      12 |  29.3
       D:11 |    5115 |    2315 |  31.2 |      46 |      15 |  24.6
       D:12 |    8027 |    5604 |  41.1 |      54 |      19 |  26.0
       D:13 |    6941 |    2375 |  25.5 |      21 |       3 |  12.5
       D:14 |    5014 |    4276 |  46.0 |      23 |       7 |  23.3
     Lair:1 |    5005 |    1041 |  17.2 |      33 |      10 |  23.3
     Lair:2 |    2858 |    2394 |  45.6 |      20 |      14 |  41.2
     Lair:3 |    2455 |    2036 |  45.3 |      11 |      33 |  75.0
     Lair:4 |    4106 |    7369 |  64.2 |      19 |      27 |  58.7
     Lair:5 |    3603 |    8499 |  70.2 |      15 |      57 |  79.2
     Lair:6 |   14961 |    2924 |  16.3 |      48 |       6 |  11.1
    Swamp:1 |   13030 |    2130 |  14.1 |      35 |       2 |   5.4
    Swamp:2 |   12109 |       0 |   0.0 |      24 |       0 |   0.0
    Swamp:3 |    9955 |    4483 |  31.1 |      26 |       4 |  13.3
    Swamp:4 |    8154 |   16509 |  66.9 |      27 |      19 |  41.3
    Snake:1 |   17792 |    1021 |   5.4 |      40 |       1 |   2.4
    Snake:2 |    6324 |       0 |   0.0 |      12 |       0 |   0.0
    Snake:3 |   16095 |    1845 |  10.3 |      29 |       5 |  14.7
    Snake:4 |    4936 |       0 |   0.0 |       9 |       0 |   0.0
      Orc:1 |    1319 |     958 |  42.1 |      16 |       1 |   5.9
      Orc:2 |    1849 |   10930 |  85.5 |      11 |      67 |  85.9
    Volcano |       0 |    6682 | 100.0 |       0 |      11 | 100.0
   Gauntlet |       0 |    7039 | 100.0 |       0 |      20 | 100.0
            +---------+---------+-------+---------+---------+-------
